 Dungeon Sprint DCSS version 0.30-a0-920-g7493c07aab (webtiles) character file.

Game seed: 4498904548035607585

103 fozzywoppz the Shield-Bearer (level 5, 0/46 HPs)
             Began as a Formicid Fighter on Mar 21, 2023.
             Slain by an iguana (7 damage)
             ... in the Dungeon (Sprint IX: "|||||||||||||||||||||||||||||").
             The game lasted 00:00:39 (43 turns).

fozzywoppz the Shield-Bearer (Formicid Fighter)       Turns: 43, Time: 00:00:40

Health: 0/46       AC:  7    Str: 22    XL:     5   Next: 6%
Magic:  5/5        EV:  9    Int:  8    God:
Gold:   0          SH:  6    Dex: 13    Spells: 4/4 levels left

rFire   . . .      SeeInvis +    a - +0 war axe
rCold   . . .      Faith    .    c - +0 buckler
rNeg    . . .      Spirit   .    b - +0 scale mail
rPois   .          Reflect  .    (helmet unavailable)
rElec   .          Rampage  .    (no cloak)
rCorr   .                        (no gloves)
Will    .....                    (no boots) Stlth
                                 (no amulet)
HPRegen 0.27/turn                (no ring)
MPRegen 0.09/turn                (no ring)

@: no status effects
A: permanent stasis, dig shafts and tunnels, antennae 3, four strong arms
a: Dig


You were in the Dungeon.
You visited 1 branch

Inventory:

Hand Weapons
 a - a +0 war axe (weapon)
Armour
 b - a +0 scale mail (worn)
 c - a +0 buckler (worn)
Scrolls
 h - a scroll of blinking
Potions
 d - a potion of might
 e - a potion of curing
 f - a potion of heal wounds
 g - 2 potions of magic


   Skills:
 + Level 5.9 Fighting
 + Level 4.8 Axes
 + Level 5.9 Armour
 + Level 7.1 Shields


You had 4 spell levels left.
You didn't know any spells.
Your spell library was empty.

Dungeon Overview and Level Annotations

Branches:
Dungeon (1/1)

Altars:


Innate Abilities, Weirdness & Mutations

You cannot be hasted, slowed, berserked, paralysed or teleported.
You can dig through walls and to a lower floor.
You have a pair of large antennae on your head. (SInv)
Your four strong arms can wield two-handed weapons with a shield.


Message History

You hit the sleepcap but do no damage.
The sleepcap is heavily damaged.
The sleepcap closely misses you. You block the sleepcap's attack.
You slash the sleepcap!
You destroy the sleepcap!
The howler monkey hoots and howls with incredible vigour!
Your Fighting skill increases to level 5!
Your Axes skill increases to level 4!
Your Armour skill increases to level 5!
Your Shields skill increases to level 6!
You have reached level 4!
You feel clever.
You barely miss the howler monkey.
The howler monkey hits you but does no damage.
You hit the howler monkey.
The howler monkey is moderately wounded.
The howler monkey completely misses you.
The howler monkey hits you.
You slash the howler monkey!
The howler monkey is almost dead.
The howler monkey hits you.
You slash the howler monkey!
You kill the howler monkey!
Your Shields skill increases to level 7!
You have reached level 5!
You hit the iguana.
The iguana is lightly wounded.
The iguana barely misses you. The iguana bites you!
* * * LOW HITPOINT WARNING * * *
You hit the iguana but do no damage.
The iguana is lightly wounded.
The iguana barely misses you.
You barely miss the iguana.
The iguana is lightly wounded.
The iguana bites you.
* * * LOW HITPOINT WARNING * * *
Unknown command.
You hit the iguana.
The iguana is heavily wounded.
The iguana bites you!
You die... { ▓▓▓▓▓▓▓▓▓▓▓▓▓▓▓▓▓▓ +....wl@....)...<▓ ▓▓▓▓▓▓▓▓▓▓▓▓▓▓▓▓▓▓

You could see a worm and an iguana.

Vanquished Creatures
  2 howler monkeys (D)
  A sleepcap (D)
  A goblin (D)
  A hobgoblin (D)
  A ball python (D)
  A kobold (D)
  A rat (D)
8 creatures vanquished.

Notes
Turn   | Place    | Note
-------+----------+-------------------------------------------
     0 | D        | fozzywoppz the Formicid Fighter began the quest for the
                  | Orb.
     0 | D        | Reached XP level 1. HP: 18/18 MP: 1/1
    24 | D        | Noticed an iguana
    24 | D        | Noticed a howler monkey
    24 | D        | Noticed a sleepcap
    24 | D        | Noticed a howler monkey
    29 | D        | Killed a howler monkey
    30 | D        | Reached skill level 5 in Shields
    30 | D        | Reached XP level 2. HP: 22/26 MP: 2/2
    30 | D        | Reached XP level 3. HP: 27/32 MP: 3/3
    36 | D        | Reached skill level 5 in Fighting
    36 | D        | Reached skill level 5 in Armour
    36 | D        | Reached skill level 6 in Shields
    36 | D        | Reached XP level 4. HP: 25/39 MP: 4/4
    40 | D        | Reached skill level 7 in Shields
    40 | D        | Reached XP level 5. HP: 24/46 MP: 5/5
    43 | D        | Slain by an iguana

Illustrated notes

Levels and vault maps discovered:
D:        linesprint [early_d, line_temple, items_1, d_10, items_2, lair_1,
          lair_end, items_3, orc_1, orc_end, items_4, d_15, swamp_1, shoals_1,
          snake_1, spider_1, d_20, vaults_1, items_5, swamp_end, shoals_end,
          snake_end, spider_end, vaults_end, d_27, items_6, zot_1, zot_end,
          crypt_end, forest_end, elf_end, slime_end, tomb_end, abyss_end,
          pan_hell_end]

Skill      XL: |  1  2  3  4 |
---------------+-------------+-----
Fighting       | 4 5 |  5.9
Axes           | 3 4 |  4.8
Armour         | 4 5 |  5.9
Shields        | 5 6 7 |  7.1

Action                     |  1- 3 |  4- 6 || total
---------------------------+-------+-------++-------
  Melee: War axe           |    23 |     8 ||    31
 Armour: Scale mail        |     5 |     1 ||     6
  Dodge: Dodged            |     9 |     3 ||    12
  Block: Buckler           |     7 |       ||     7

Table legend: (Time is in decaauts)
 A = Elapsed time spent in this place.
 B = Non-inter-level travel time spent in this place.
 C = Inter-level travel time spent in this place.
 D = Time resting spent in this place.
 E = Time spent auto-exploring this place.
 F = Levels seen in this place.
 G = Mean time per level.
                   A        B        C        D        E       F      G
               +--------+--------+--------+--------+--------+-----+--------+
         Total |     53 |     53 |      0 |      0 |      0 |   1 |   53.0 |
       Dungeon |     53 |     53 |      0 |      0 |      0 |   1 |   53.0 |
               +--------+--------+--------+--------+--------+-----+--------+

Top non-repeatable levels by time:
       D: 53 daAuts
